 Dungeon Crawl Stone Soup version 0.22-a0-346-ga714374 (webtiles) character file.

2316 RoseArtemis the Cleaver (level 9, -18/81 HPs)
             Began as a Minotaur Fighter on Apr 6, 2018.
             Was an Initiate of Trog.
             Demolished by a large slime creature (34 damage)
             ... on level 7 of the Dungeon.
             The game lasted 00:14:51 (6184 turns).

RoseArtemis the Cleaver (Minotaur Fighter)          Turns: 6184, Time: 00:14:51

Health: -18/81     AC: 16    Str: 22    XL:     9   Next: 18%
Magic:  8/8        EV:  4    Int:  6    God:    Trog [......]
Gold:   329        SH:  9    Dex: 11    Spells: 8/8 levels left

rFire    . . .     SeeInvis .   a - +0 war axe
rCold    + . .     Gourm    .   c - +0 shield
rNeg     . . .     Faith    .   x - +0 plate armour
rPois    +         Spirit   .   (helmet restricted)
rElec    .         Reflect  .   (no cloak)
rCorr    .         Harm     .   A - +0 pair of gloves
MR       .....                  L - +0 pair of boots
Stlth    ..........             (no amulet)
HPRegen  0.23/turn              l - ring of poison resistance
MPRegen  0.11/turn              w - ring of protection from cold

@: no status effects
A: retaliatory headbutt, horns 2
a: Renounce Religion


You were on level 7 of the Dungeon.
You worshipped Trog.
Trog was noncommittal.
You were not hungry.

You visited 2 branches of the dungeon, and saw 8 of its levels.
You also visited: Ossuary.

You collected 444 gold pieces.
You spent 115 gold pieces at shops.

Inventory:

Hand Weapons
 a - a +0 war axe (weapon)
Missiles
 n - 4 tomahawks (quivered)
Armour
 c - a +0 shield (worn)
 x - a +0 plate armour (worn)
 A - a +0 pair of gloves (worn)
 L - a +0 pair of boots (worn)
Jewellery
 l - a ring of poison resistance (left hand)
 m - a +3 ring of dexterity
 w - a ring of protection from cold (right hand)
 I - an uncursed ring of wizardry {unknown}
 M - a +4 ring of intelligence {unknown}
Wands
 o - a wand of polymorph (13)
 t - a wand of digging (19)
 G - a wand of iceblast (10)
Scrolls
 b - 2 scrolls of remove curse
 h - 2 scrolls of fear {unknown}
 i - a scroll of enchant armour
 j - 6 scrolls of teleportation
 k - a scroll of random uselessness {unknown}
 v - a scroll of amnesia
 y - 2 scrolls of enchant weapon {unknown}
 B - a scroll of noise {unknown}
 D - a scroll of summoning {unknown}
 F - a scroll of magic mapping {unknown}
 H - a scroll of fog {unknown}
Potions
 d - 2 potions of might
 e - 8 potions of curing
 g - 4 potions of agility
 p - a potion of lignification {unknown}
 q - 3 potions of haste
 r - a potion of magic {unknown}
 s - a potion of mutation {unknown}
 u - 2 potions of resistance
 z - 5 potions of heal wounds
 C - a potion of cancellation {unknown}
 E - a potion of berserk rage
 J - a potion of brilliance {unknown}
Comestibles
 f - 13 rations


   Skills:
 + Level 8.2 Fighting
 * Level 10.6 Axes
 + Level 8.2 Armour
 - Level 3.6 Shields


You had 8 spell levels left.
You didn't know any spells.

Dungeon Overview and Level Annotations

Branches:
Dungeon (7/15)             Temple (1/1) D:6

Altars:
Ashenzari
Dithmenos
Elyvilon
Fedhas
Gozag
Hepliaklqana
Kikubaaqudgha
Makhleb
Nemelex Xobeh
Qazlal
Ru
Sif Muna
Trog
Uskayaw
Vehumet
Wu Jian
Xom
Yredelemnul
The Shining One

Shops:
D:5 [*%


Innate Abilities, Weirdness & Mutations

You reflexively headbutt those who attack you in melee.
You have a pair of horns on your head.


Message History

You are too injured to fight recklessly!
You are too injured to fight recklessly!
You slice the enormous slime creature!!
You headbutt the enormous slime creature.
The enormous slime creature is moderately wounded.
Your plate armour prevents you from hitting the slime creature.
You hit the slime creature but do no damage.
The enormous slime creature hits you!!!
Ouch! That really hurt!
* * * LOW HITPOINT WARNING * * *
You block the slime creature's attack. x2; An enormous slime creature splits.
Your plate armour prevents you from hitting the large slime creature.
The large slime creature is moderately wounded.
You slash the slime creature! You hit the slime creature.
You hit the large slime creature. The slime creature hits you.
* * * LOW HITPOINT WARNING * * *
The slime creature hits you but does no damage.
The large slime creature barely misses you.
The large slime creature hits you!!
You die...

. .......
.#.. ....
.......#
##..#...+ #.
#.......#
#.##..$....#
#....JJ....#
#J@J....#
#########


You could see 2 large slime creatures and 2 slime creatures.

Vanquished Creatures
  Grinder (D:4)
  Eustachio (D:5)
  An orc warrior (D:6)
  A phantom (D:5)
  2 ogres
  A necrophage (D:5)
  2 centaurs (D:6)
  Blork the orc (D:5)
  2 bullfrogs (D:6)
  3 scorpions
  3 howler monkeys
  A bullfrog zombie (D:6)
  A crimson imp (D:2)
  The ghost of DEFE the Firebug, a weakling DEWn of the Shining One (D:3)
  A human zombie (Ossuary)
  5 orc priests
  A bullfrog skeleton (D:4)
  An iguana (D:5)
  4 orc wizards
  3 worker ants
  5 ogre zombies (Ossuary)
  7 mummies (Ossuary)
  A hound skeleton (D:6)
  5 adders
  A shadow imp (D:5)
  2 adder zombies (Ossuary)
  A worm (D:3)
  5 dart slugs
  2 leopard geckos
  31 orcs
  3 giant cockroaches
  11 goblins
  10 hobgoblins
  6 jackals
  7 kobolds
  3 quokkas
  A ball python (D:1)
  8 bats
  3 frilled lizards
  7 goblin zombies (Ossuary)
  3 hobgoblin zombies (Ossuary)
  3 kobold zombies (Ossuary)
  A quokka skeleton (D:4)
  4 quokka zombies (Ossuary)
  11 rats
  5 rat zombies (Ossuary)
182 creatures vanquished.

Notes
Turn   | Place    | Note
-------+----------+-------------------------------------------
     0 | D:1      | RoseArtemis the Minotaur Fighter began the quest for the Orb.
     0 | D:1      | Reached XP level 1. HP: 19/19 MP: 0/0
    60 | D:1      | Reached skill level 3 in Axes
    60 | D:1      | Reached XP level 2. HP: 27/27 MP: 1/1
   676 | D:1      | Reached XP level 3. HP: 33/33 MP: 2/2
   969 | D:2      | Found a shattered altar of Ashenzari.
   978 | D:2      | Reached skill level 4 in Axes
  1192 | D:2      | Reached XP level 4. HP: 36/41 MP: 3/3
  1238 | D:2      | Reached XP level 5. HP: 6/47 MP: 4/4
  1764 | D:3      | Reached skill level 5 in Axes
  1792 | D:3      | Reached skill level 5 in Fighting
  1795 | D:3      | Reached skill level 5 in Armour
  1970 | D:3      | Noticed DEFE's ghost (weakling DEWn)
  1978 | D:3      | Killed DEFE's ghost
  1978 | D:3      | Reached XP level 6. HP: 52/56 MP: 5/5
  2178 | D:3      | Reached skill level 6 in Axes
  2846 | D:4      | Noticed Grinder
  2854 | D:4      | Killed Grinder
  2854 | D:4      | Reached skill level 7 in Axes
  2854 | D:4      | Reached XP level 7. HP: 48/62 MP: 6/6
  3359 | D:4      | Found a stormy altar of Qazlal.
  3360 | D:4      | Noticed a water elemental
  3360 | D:4      | Noticed an air elemental
  3360 | D:4      | Noticed a fire elemental
  3375 | D:5      | Entered Level 5 of the Dungeon
  3496 | D:5      | Reached skill level 8 in Axes
  3556 | D:5      | Found a basalt altar of Yredelemnul.
  3597 | D:5      | Noticed Eustachio
  3606 | D:5      | Killed Eustachio
  3606 | D:5      | Reached XP level 8. HP: 71/71 MP: 7/7
  3621 | D:5      | Found a white marble altar of Elyvilon.
  3672 | D:5      | Found Qail's General Store.
  3715 | D:5      | Found a sand-covered staircase.
  3723 | Ossuary  | Entered an ossuary
  4047 | Ossuary  | Reached skill level 9 in Axes
  4411 | D:5      | Found Vohocapi's Armour Emporium.
  4414 | D:5      | Bought a +0 pair of gloves for 67 gold pieces
  4457 | D:5      | Found an ornate altar of the Wu Jian Council.
  4497 | D:5      | Found Plog's Food Boutique.
  4609 | D:5      | Found an ornate altar of the Wu Jian Council.
  4641 | D:5      | Noticed Blork the orc
  4646 | D:5      | Killed Blork the orc
  4657 | D:5      | Found Haruurph Pina's General Store.
  4674 | D:5      | Bought a scroll of identify for 24 gold pieces
  4674 | D:5      | Bought a scroll of identify for 24 gold pieces
  4875 | D:6      | Reached skill level 10 in Axes
  5174 | D:6      | Reached XP level 9. HP: 74/81 MP: 8/8
  5573 | D:6      | Found a staircase to the Ecumenical Temple.
  5582 | Temple   | Entered the Ecumenical Temple
  5793 | Temple   | Became a worshipper of Trog the Wrathful
  6013 | D:6      | Found a glowing golden altar of the Shining One.
  6102 | D:6      | Found a shadowy altar of Dithmenos.
  6184 | D:7      | Demolished by a large slime creature

Vault maps used:
D:1:      dpeg_arrival_long_road
D:2:      cheibrodos_pilgrimage, lemuel_crystal_altar, first_ration
D:4:      nicolae_qazlal_style_of_elements, minmay_misc_feat_tower,
          minmay_misc_feat_chi, uniq_grinder
D:5:      kennysheep_ying_yang, marbit_many_paths, serial_shops,
          nicolae_shop_behind_doors, nicolae_shop_trees, kennysheep_mini_moat,
          shop, nicolae_ossuary_entry_plus, lemuel_tele_altar, uniq_eustachio,
          uniq_blork_the_orc
D:6:      overflow_temple_1_default, minmay_temple_entry_water_ring, tso_altar
D:7:      amethyst_overflow_temple_binary, grunt_livestock, minmay_the_grid_2x2
Temple:   oiseaux_autumnal_temple
Ossuary:  ossuary_boxes_badplayer

Skill      XL: |  1  2  3  4  5  6  7  8  9 |
---------------+----------------------------+-----
Axes           | 3 4 5 7 8 10 | 10.6
Armour         | 4 5 6 7 8 |  8.2
Fighting       | 4 5 6 8 |  8.2
Shields        | |  3.6

Action                   |  1- 3 |  4- 6 |  7- 9 || total
-------------------------+-------+-------+-------++-------
Melee: War axe           |   106 |   130 |   251 ||   487
       Headbutt          |    19 |    25 |    47 ||    91
  Use: Scroll            |     3 |     3 |     8 ||    14
  Eat: Chunk             |     1 |     6 |     7 ||    14
       Ration            |       |       |     1 ||     1
Armor: Scale mail        |    58 |    48 |       ||   106
       Ring mail         |       |       |    11 ||    11
       Plate armour      |       |       |    77 ||    77
Dodge: Dodged            |    18 |    31 |    38 ||    87
Block: Shield            |    51 |    52 |    76 ||   179

Table legend:
 A = Spawn XP
 B = Non-spawn XP
 C = Spawn XP percentage of total XP
 D = Spawn monster count
 E = Non-spawn monster count
 F = Spawn count percentage of total count
 G = Total turns spent on level
                    A         B        C        D         E        F      G
               +---------+---------+-------+---------+---------+-------+---------
         Total |       0 |    3309 |   0.0 |       0 |     182 |   0.0 |  6184
               +---------+---------+-------+---------+---------+-------+---------
           D:1 |       0 |      42 |   0.0 |       0 |      24 |   0.0 |   727
           D:2 |       0 |     186 |   0.0 |       0 |      27 |   0.0 |  1031
           D:3 |       0 |     271 |   0.0 |       0 |      38 |   0.0 |   921
           D:4 |       0 |     546 |   0.0 |       0 |      13 |   0.0 |   696
           D:5 |       0 |    1021 |   0.0 |       0 |      20 |   0.0 |   751
           D:6 |       0 |     885 |   0.0 |       0 |      22 |   0.0 |  1157
           D:7 |       0 |      14 |   0.0 |       0 |       1 |   0.0 |     8
       Ossuary |       0 |     344 |   0.0 |       0 |      37 |   0.0 |   662
               +---------+---------+-------+---------+---------+-------+---------
